| TOP OF THE 1ST |
|
Greensboro Grasshoppers batting - Pitching for West Virginia Power : RHP Josh Markham
|
|
Pitching: RHP Josh Markham
|
|
|
Batting: RHB Tom Thompson
|
0-0: Foul Ball, location: 2F 0-1: Foul Ball, location: 2F 0-2: Strikes out swinging
|
|
Batting: RHB Torquato Obawole
|
0-0: Ball 1-0: Called Strike 1-1: Foul Ball, location: 2F 1-2: Ground out 5-3 (Groundball, 5L, EV 84.4 MPH)
|
|
Batting: RHB Isaiah Brockman
|
0-0: Called Strike 0-1: Foul Ball, location: 2F 0-2: Ball 1-2: Strikes out swinging
|
| Top of the 1st over - 0 runs, 0 hits, 0 errors, 0 left on base; Greensboro 0 - West Virginia 0 |
| BOTTOM OF THE 1ST |
|
West Virginia Power batting - Pitching for Greensboro Grasshoppers : RHP Zack Evans
|
|
Pitching: RHP Zack Evans
|
|
|
Batting: RHB Ron Corn
|
0-0: Ball 1-0: Ball 2-0: Foul Ball, location: 2F 2-1: Ball 3-1: Called Strike 3-2: DOUBLE (Flyball, 8LXD, EV 111.3 MPH)
|
|
Batting: RHB Jose Lozano
|
0-0: Ball 1-0: Ball 2-0: Swinging Strike 2-1: Foul Ball, location: 2F 2-2: Strikes out swinging
|
|
Batting: SHB Francisco Gutierrez
|
0-0: Called Strike 0-1: Foul Ball, location: 2F 0-2: Ball 1-2: Ground out 4-3 (Groundball, 4, EV 105.6 MPH) Ron Corn to third
|
|
Batting: RHB Jordan Robinson
|
0-0: Ground out 6-3 (Groundball, 6, EV 105.0 MPH)
|
| Bottom of the 1st over - 0 runs, 1 hit, 0 errors, 1 left on base; Greensboro 0 - West Virginia 0 |
| TOP OF THE 2ND |
|
Greensboro Grasshoppers batting - Pitching for West Virginia Power : RHP Josh Markham
|
|
Batting: RHB Jake Shelton
|
0-0: Ball 1-0: Called Strike 1-1: Swinging Strike 1-2: Ball 2-2: Ball 3-2: Strikes out swinging
|
|
Batting: RHB Boof Howell
|
0-0: Foul Ball, location: 2F 0-1: Called Strike 0-2: Ball 1-2: Foul Ball, location: 2F 1-2: Foul Ball, location: 2F 1-2: Ground out 6-3 (Groundball, 56, EV 84.4 MPH)
|
|
Batting: RHB Masumitsu Sugiura
|
0-0: Fly out, F8 (Flyball, 8RD, EV 96.9 MPH)
|
| Top of the 2nd over - 0 runs, 0 hits, 0 errors, 0 left on base; Greensboro 0 - West Virginia 0 |
| BOTTOM OF THE 2ND |
|
West Virginia Power batting - Pitching for Greensboro Grasshoppers : RHP Zack Evans
|
|
Batting: RHB Dennis Coppolino
|
0-0: Called Strike 0-1: Ball 1-1: Foul Ball, location: 2F 1-2: Ground out U3 (Groundball, 3L, EV 90.0 MPH)
|
|
Batting: RHB Ted Goldblatt
|
0-0: Called Strike 0-1: Ball 1-1: SINGLE (Line Drive, 9S, EV 97.5 MPH)
|
|
Batting: RHB Alfredo Medrano
|
0-0: Ball 1-0: Ball 2-0: Swinging Strike 2-1: Grounds into double play, 5-4-3 (Groundball, 56S, EV 83.8 MPH)
|
| Bottom of the 2nd over - 0 runs, 1 hit, 0 errors, 0 left on base; Greensboro 0 - West Virginia 0 |
| TOP OF THE 3RD |
|
Greensboro Grasshoppers batting - Pitching for West Virginia Power : RHP Josh Markham
|
|
Batting: RHB Jordan Arcidez
|
0-0: Foul Ball, location: 2F 0-1: Ball 1-1: Foul Ball, location: 2F 1-2: Foul Ball, location: 2F 1-2: Ball 2-2: Foul Ball, location: 2F 2-2: Foul Ball, location: 2F 2-2: SINGLE (Groundball, 6D, EV 95.6 MPH)
|
|
Batting: RHB Bob Raine
|
0-0: Called Strike 0-1: Grounds into double play, 5-4-3 (Groundball, 5, EV 88.8 MPH)
|
|
Batting: RHB Wei-guo Tsu
|
0-0: Ball 1-0: TRIPLE (Line Drive, 89XD, EV 110.0 MPH)
|
|
Batting: RHB Tom Thompson
|
0-0: Ball 1-0: Ball 2-0: Called Strike 2-1: Ball 3-1: SINGLE (Line Drive, 56D, EV 96.3 MPH) Wei-guo Tsu scores
|
|
Batting: RHB Torquato Obawole
|
0-0: Hit by Pitch Tom Thompson to second
|
|
Batting: RHB Isaiah Brockman
|
0-0: Ball 1-0: Ball 2-0: Foul Ball, location: 2F 2-1: Swinging Strike 2-2: Ball 3-2: Strikes out swinging
|
| Top of the 3rd over - 1 run, 3 hits, 0 errors, 2 left on base; Greensboro 1 - West Virginia 0 |
| BOTTOM OF THE 3RD |
|
West Virginia Power batting - Pitching for Greensboro Grasshoppers : RHP Zack Evans
|
|
Batting: RHB John Beiswenger
|
0-0: Ball 1-0: Called Strike 1-1: Reached on error, E4 (Groundball, 34, EV 106.9 MPH)
|
|
Batting: RHB Jesus Marquez
|
0-0: Swinging Strike 0-1: Called Strike 0-2: Ball Wild Pitch! John Beiswenger to third 1-2: Ball 2-2: Strikes out looking
|
|
Batting: RHB Ron Corn
|
0-0: Called Strike 0-1: Called Strike 0-2: Ball Wild Pitch! John Beiswenger scores 1-2: Fly out, F9 (Flyball, 9, EV 87.5 MPH)
|
|
Batting: RHB Jose Lozano
|
0-0: Ball 1-0: Called Strike 1-1: Called Strike 1-2: Foul Ball, location: 2F 1-2: Ground out 6-3 (Groundball, 6M, EV 101.3 MPH)
|
| Bottom of the 3rd over - 1 run, 0 hits, 1 error, 0 left on base; Greensboro 1 - West Virginia 1 |
| TOP OF THE 4TH |
|
Greensboro Grasshoppers batting - Pitching for West Virginia Power : RHP Josh Markham
|
|
Batting: RHB Jake Shelton
|
0-0: Ground out 6-3 (Groundball, 56, EV 83.1 MPH)
|
|
Batting: RHB Boof Howell
|
0-0: Called Strike 0-1: Ground out 6-3 (Groundball, 6S, EV 90.6 MPH)
|
|
Batting: RHB Masumitsu Sugiura
|
0-0: Called Strike 0-1: SINGLE (Line Drive, 89S, EV 103.8 MPH)
|
|
Batting: RHB Jordan Arcidez
|
0-0: Foul Ball, location: 2F 0-1: Ball 1-1: Called Strike 1-2: Ball 2-2: Foul Ball, location: 2F 2-2: Foul Ball, location: 2F 2-2: Ball Wild Pitch! Masumitsu Sugiura to second 3-2: Base on Balls
|
|
Batting: RHB Bob Raine
|
0-0: Foul Ball, location: 2F 0-1: Swinging Strike 0-2: Ball 1-2: Foul Ball, location: 2F 1-2: Ball 2-2: Foul Ball, location: 2F 2-2: Strikes out swinging
|
| Top of the 4th over - 0 runs, 1 hit, 0 errors, 2 left on base; Greensboro 1 - West Virginia 1 |
| BOTTOM OF THE 4TH |
|
West Virginia Power batting - Pitching for Greensboro Grasshoppers : RHP Zack Evans
|
|
Batting: SHB Francisco Gutierrez
|
0-0: Swinging Strike 0-1: Ball 1-1: Ball 2-1: Ball 3-1: Swinging Strike 3-2: SINGLE (Groundball, 25, EV 68.8 MPH) (infield hit)
|
|
Batting: RHB Jordan Robinson
|
0-0: Swinging Strike 0-1: Called Strike 0-2: SINGLE (Flyball, 89S, EV 98.1 MPH) Francisco Gutierrez to second
|
|
Batting: RHB Dennis Coppolino
|
0-0: Ground out 6-3 (Groundball, 6M, EV 86.9 MPH) Francisco Gutierrez to third Jordan Robinson to second
|
|
Batting: RHB Ted Goldblatt
|
0-0: Called Strike 0-1: Ball 1-1: Ball 2-1: Fly out, F4 (Popup, 4S, EV 77.5 MPH)
|
|
Batting: RHB Alfredo Medrano
|
0-0: Ball 1-0: DOUBLE (Line Drive, 9LM, EV 108.1 MPH) Francisco Gutierrez scores Jordan Robinson scores
|
|
Batting: RHB John Beiswenger
|
0-0: Foul Ball, location: 2F 0-1: Fly out, F9 (Flyball, 89D, EV 91.9 MPH)
|
| Bottom of the 4th over - 2 runs, 3 hits, 0 errors, 1 left on base; Greensboro 1 - West Virginia 3 |
| TOP OF THE 5TH |
|
Greensboro Grasshoppers batting - Pitching for West Virginia Power : RHP Josh Markham
|
|
Batting: RHB Wei-guo Tsu
|
0-0: Ground out 4-3 (Groundball, 4, EV 84.4 MPH)
|
|
Batting: RHB Tom Thompson
|
0-0: Called Strike 0-1: Foul Ball, location: 2F 0-2: Ball 1-2: Strikes out swinging, 2-3 out at first.
|
|
Batting: RHB Torquato Obawole
|
0-0: Ball 1-0: Foul Ball, location: 2F 1-1: Ball 2-1: SINGLE (Groundball, 3D, EV 109.4 MPH)
|
|
Batting: RHB Isaiah Brockman
|
0-0: Called Strike 0-1: Ball 1-1: Ball 2-1: Foul Ball, location: 2F 2-2: Strikes out swinging
|
| Top of the 5th over - 0 runs, 1 hit, 0 errors, 1 left on base; Greensboro 1 - West Virginia 3 |
| BOTTOM OF THE 5TH |
|
West Virginia Power batting - Pitching for Greensboro Grasshoppers : RHP Zack Evans
|
|
Batting: RHB Jesus Marquez
|
0-0: Swinging Strike 0-1: Ball 1-1: Ball 2-1: Called Strike 2-2: Ball 3-2: Foul Ball, location: 2F 3-2: Foul Ball, location: 2F 3-2: Base on Balls
|
|
Batting: RHB Ron Corn
|
0-0: Ball 1-0: Ball 2-0: DOUBLE (Flyball, 8RXD, EV 108.8 MPH) Jesus Marquez to third
|
|
Batting: RHB Jose Lozano
|
0-0: Ball 1-0: Ball 2-0: Ball 3-0: Base on Balls
|
|
Batting: SHB Francisco Gutierrez
|
0-0: Swinging Strike 0-1: Foul Ball, location: 2F 0-2: Ball 1-2: Strikes out looking
|
|
Pitching: RHP Marco Quezada
|
|
|
Batting: RHB Jordan Robinson
|
0-0: Ball 1-0: Foul Ball, location: 2F 1-1: SINGLE (Line Drive, 34D, EV 99.4 MPH) Jesus Marquez scores Ron Corn to third Jose Lozano to second
|
|
Batting: RHB Dennis Coppolino
|
0-0: Called Strike 0-1: Ball 1-1: Called Strike 1-2: Ground out 3-1 (Groundball, 34S, EV 86.3 MPH) Ron Corn scores Jose Lozano to third Jordan Robinson to second
|
|
Batting: RHB Ted Goldblatt
|
0-0: SINGLE (Flyball, 5D, EV 88.8 MPH) - OUT at second base trying to stretch hit. Jose Lozano scores Jordan Robinson scores
|
| Bottom of the 5th over - 4 runs, 3 hits, 0 errors, 0 left on base; Greensboro 1 - West Virginia 7 |
| TOP OF THE 6TH |
|
Greensboro Grasshoppers batting - Pitching for West Virginia Power : RHP Josh Markham
|
|
Batting: RHB Jake Shelton
|
0-0: Ball 1-0: SINGLE (Line Drive, 7S, EV 106.9 MPH)
|
|
Batting: RHB Boof Howell
|
0-0: Swinging Strike 0-1: Ball 1-1: Ball Jake Shelton is caught stealing 2nd base 2-4 2-1: Fly out, F2 (Popup, 15S, EV 78.8 MPH)
|
|
Batting: RHB Masumitsu Sugiura
|
0-0: Ball 1-0: DOUBLE (Line Drive, 89D, EV 108.8 MPH)
|
|
Batting: RHB Jordan Arcidez
|
0-0: Called Strike 0-1: Ground out 5-3 (Groundball, 5S, EV 70.6 MPH)
|
| Top of the 6th over - 0 runs, 2 hits, 0 errors, 1 left on base; Greensboro 1 - West Virginia 7 |
| BOTTOM OF THE 6TH |
|
West Virginia Power batting - Pitching for Greensboro Grasshoppers : RHP Marco Quezada
|
|
Batting: RHB Alfredo Medrano
|
0-0: Ball 1-0: Ball 2-0: Ball 3-0: Called Strike 3-1: Foul Ball, location: 2F 3-2: Base on Balls
|
|
Batting: RHB John Beiswenger
|
0-0: Ball 1-0: Foul Ball, location: 2F 1-1: SINGLE (Line Drive, 34D, EV 95.6 MPH) Alfredo Medrano to second Runner from 2nd tries for 3rd, SAFE, throw by RF made to third
|
|
Batting: RHB Jesus Marquez
|
0-0: Called Strike 0-1: Called Strike 0-2: Ball 1-2: Fly out, F6 (Line Drive, 6, EV 74.4 MPH)
|
|
Batting: RHB Ron Corn
|
0-0: Swinging Strike 0-1: Reached on error, E6 (Groundball, 6, EV 89.4 MPH) Alfredo Medrano scores John Beiswenger to second
|
|
Batting: RHB Jose Lozano
|
0-0: Called Strike 0-1: Ball 1-1: Swinging Strike 1-2: Ball 2-2: Ball Wild Pitch! John Beiswenger to third Ron Corn to second 3-2: Ground out 5-3 (Groundball, 56S, EV 76.9 MPH) John Beiswenger scores
|
|
Batting: SHB Francisco Gutierrez
|
0-0: Ground out 4-3 (Groundball, 4, EV 76.9 MPH)
|
| Bottom of the 6th over - 2 runs, 1 hit, 1 error, 1 left on base; Greensboro 1 - West Virginia 9 |
| TOP OF THE 7TH |
|
Greensboro Grasshoppers batting - Pitching for West Virginia Power : RHP Josh Markham
|
|
Batting: RHB Bob Raine
|
0-0: Ground out 6-3 (Groundball, 6, EV 96.3 MPH)
|
|
Batting: RHB Wei-guo Tsu
|
0-0: Ball 1-0: Foul Ball, location: 2F 1-1: Called Strike 1-2: Strikes out swinging
|
|
Batting: RHB Tom Thompson
|
0-0: Ball 1-0: Ball 2-0: Called Strike 2-1: Ground out U3 (Groundball, 3L, EV 83.8 MPH)
|
| Top of the 7th over - 0 runs, 0 hits, 0 errors, 0 left on base; Greensboro 1 - West Virginia 9 |
| BOTTOM OF THE 7TH |
|
West Virginia Power batting - Pitching for Greensboro Grasshoppers : RHP Marco Quezada
|
|
Batting: RHB Jordan Robinson
|
0-0: SINGLE (Line Drive, 4MD, EV 94.4 MPH)
|
|
Batting: RHB Dennis Coppolino
|
0-0: Foul Ball, location: 2F 0-1: Ball 1-1: Swinging Strike 1-2: Foul Ball, location: 2F 1-2: Fly out, F9 (Flyball, 89M, EV 88.8 MPH)
|
|
Batting: RHB Ted Goldblatt
|
0-0: Ball 1-0: Ball 2-0: Swinging Strike 2-1: Foul Ball, location: 2F 2-2: Foul Ball, location: 2F 2-2: Ball 3-2: Ground out 5-3 (Groundball, 5L, EV 83.8 MPH) Jordan Robinson to second
|
|
Batting: RHB Alfredo Medrano
|
0-0: Ball 1-0: Foul Ball, location: 2F 1-1: Ball 2-1: Ground out 5-3 (Groundball, 56, EV 86.9 MPH)
|
| Bottom of the 7th over - 0 runs, 1 hit, 0 errors, 1 left on base; Greensboro 1 - West Virginia 9 |
| TOP OF THE 8TH |
|
Greensboro Grasshoppers batting - Pitching for West Virginia Power : RHP Josh Markham
|
|
Pitching: RHP Bobby Detmer
|
|
|
Pinch Hitting: LHB Juan Zuniga
|
0-0: Called Strike 0-1: Ball 1-1: Ball 2-1: Ground out U3 (Groundball, 34, EV 88.1 MPH)
|
|
Batting: RHB Isaiah Brockman
|
0-0: Swinging Strike 0-1: Called Strike 0-2: Ball 1-2: Ball 2-2: Strikes out swinging
|
|
Pinch Hitting: RHB Guillermo Rios
|
0-0: Foul Ball, location: 2F 0-1: Swinging Strike 0-2: Foul Ball, location: 2F 0-2: Fly out, F9 (Line Drive, 9, EV 93.8 MPH)
|
| Top of the 8th over - 0 runs, 0 hits, 0 errors, 0 left on base; Greensboro 1 - West Virginia 9 |
| BOTTOM OF THE 8TH |
|
West Virginia Power batting - Pitching for Greensboro Grasshoppers : RHP Marco Quezada
|
|
Now at 2B: Boof Howell
|
|
|
Now at SS: Juan Zuniga
|
|
|
Now in RF: Guillermo Rios
|
|
|
Batting: RHB John Beiswenger
|
0-0: Called Strike 0-1: Ground out 4-3 (Groundball, 4, EV 81.9 MPH)
|
|
Batting: RHB Jesus Marquez
|
0-0: Ball 1-0: Ground out U3 (Groundball, 3, EV 108.8 MPH)
|
|
Batting: RHB Ron Corn
|
0-0: Ball 1-0: Called Strike 1-1: Foul Ball, location: 2F 1-2: Reached on error, E6 (Groundball, 6S, EV 66.9 MPH)
|
|
Batting: RHB Jose Lozano
|
0-0: Ball 1-0: Ball Ron Corn steals 2nd, throwing error, E2 Ron Corn to third 2-0: Ball 3-0: Called Strike 3-1: SINGLE (Line Drive, 56, EV 103.1 MPH) Ron Corn scores
|
|
Pitching: RHP Reinaart Meyer
|
|
|
Batting: SHB Francisco Gutierrez
|
0-0: Ball 1-0: Ball 2-0: Ball 3-0: Base on Balls Jose Lozano to second
|
|
Batting: RHB Jordan Robinson
|
0-0: Called Strike 0-1: SINGLE (Groundball, 6MD, EV 101.9 MPH) Jose Lozano to third Francisco Gutierrez to second Runner from 3rd tries for Home, SAFE, throw by CF to home Francisco Gutierrez to third Jordan Robinson to second
|
|
Batting: RHB Dennis Coppolino
|
0-0: Ball 1-0: Foul Ball, location: 2F 1-1: SINGLE (Line Drive, 4D, EV 95.0 MPH) Francisco Gutierrez scores Jordan Robinson to third Runner from 3rd tries for Home, SAFE, throw by CF to home
|
|
Batting: RHB Ted Goldblatt
|
0-0: Called Strike 0-1: Ground out 5-3 (Groundball, 5L, EV 102.5 MPH)
|
| Bottom of the 8th over - 4 runs, 3 hits, 2 errors, 1 left on base; Greensboro 1 - West Virginia 13 |
| TOP OF THE 9TH |
|
Greensboro Grasshoppers batting - Pitching for West Virginia Power : RHP Bobby Detmer
|
|
Batting: RHB Boof Howell
|
0-0: Called Strike 0-1: Swinging Strike 0-2: Ball 1-2: Foul Ball, location: 2F 1-2: Ground out U3 (Groundball, 3, EV 81.3 MPH)
|
|
Pinch Hitting: RHB Natanael Fusquita
|
0-0: Called Strike 0-1: Swinging Strike 0-2: Strikes out swinging
|
|
Pinch Hitting: RHB Chris Riddick
|
0-0: Ball 1-0: Ball 2-0: Foul Ball, location: 2F 2-1: Called Strike 2-2: Ball 3-2: Strikes out swinging
|
| Top of the 9th over - 0 runs, 0 hits, 0 errors, 0 left on base; Greensboro 1 - West Virginia 13 |
|